 Dungeon Crawl Stone Soup version 0.23.1 (webtiles) character file.

Game seed: 14091962658961879974

8804 Velka139 the Spear-Bearer (level 11, -1/123 HPs)
             Began as an Ogre Skald on Mar 13, 2019.
             Was a Priest of Elyvilon.
             Slain by a killer bee (5 damage)
             ... on level 12 of the Dungeon.
             The game lasted 00:56:01 (21160 turns).

Velka139 the Spear-Bearer (Ogre Skald)             Turns: 21160, Time: 00:56:01

Health: -1/123     AC:  6    Str: 17    XL:     11   Next: 36%
Magic:  9/17       EV: 10    Int: 17    God:    Elyvilon [***...]
Gold:   271        SH:  0    Dex:  8    Spells: 8/14 levels left

rFire    + . .     SeeInvis .   C - +1 spear (flame)
rCold    + . .     Gourm    .   (no shield)
rNeg     . . .     Faith    .   m - +1 robe {rC+ rF+}
rPois    .         Spirit   .   a - +1 hat
rElec    .         Reflect  .   k - +0 cloak
rCorr    .         Harm     .   (gloves unavailable)
MR       +....                  (boots unavailable)
Stlth    +.........             (no amulet)
HPRegen  0.30/turn              (no ring)
MPRegen  0.15/turn              (no ring)

@: protection
A: large, unfitting armour, tough skin 1
a: Lesser Healing, Heal Other, Purification, Divine Protection, Renounce
Religion


You were on level 12 of the Dungeon.
You worshipped Elyvilon.
Elyvilon was most pleased with you.
You were hungry.

You visited 2 branches of the dungeon, and saw 13 of its levels.
You also visited: Bailey.

You collected 607 gold pieces.
You spent 336 gold pieces at shops.

Inventory:

Hand Weapons
 l - a +0 trident
 C - a +1 spear of flaming (weapon)
 D - a +2 spear of pain
Missiles
 e - 362 stones
 i - 5 throwing nets
 p - 3 javelins (quivered)
Armour
 a - a +1 hat (worn)
 b - +0 acid dragon scales
 k - a +0 cloak (worn)
 m - a +1 robe of resistance (worn)
Jewellery
 y - an uncursed ring of ice
Wands
 f - a wand of flame (28)
 h - a wand of acid (4)
 x - a wand of digging (4)
 z - a wand of paralysis (11)
Scrolls
 c - 5 scrolls of magic mapping
 g - 4 scrolls of remove curse
 o - 5 scrolls of enchant weapon
 q - a scroll of noise
 t - a scroll of enchant armour {unknown}
 u - 3 scrolls of amnesia {unknown}
 w - a scroll of immolation {unknown}
 E - a scroll of fear {unknown}
Potions
 n - 2 potions of brilliance
 r - a potion of haste {unknown}
 s - 2 potions of ambrosia
 v - 2 potions of magic {unknown}
 B - a potion of agility
Comestibles
 d - 8 rations


   Skills:
 + Level 12.0 Fighting
 - Level 12.0 Polearms
 - Level 2.1 Dodging
 - Level 2.4 Spellcasting
 * Level 1.0 Hexes
 * Level 3.0 Charms
 + Level 9.1 Invocations


You had 8 spell levels left.
You knew the following spells:

 Your Spells              Type           Power        Failure   Level  Hunger
a - Infusion              Chrm           ##..         5%          1    #......
b - Song of Slaying       Chrm           ##......     9%          2    ##.....
d - Spectral Weapon       Hex/Chrm       #.......     24%         3    ###....

Your spell library contained the following spells:

 Spells                   Type           Power        Failure   Level  Hunger
 Shroud of Golubria       Chrm/Tloc      #.........   16%         2    ##.....
 Sandblast                Erth           #.....       19%         1    #......
 Passwall                 Tmut/Erth      #.......     28%         2    ##.....
 Regeneration             Chrm/Necr      #.........   30%         3    ###....
 Stone Arrow              Conj/Erth      #.....       50%         3    ###....
 Petrify                  Tmut/Erth      #.......     88%         4    #####..
 Lee's Rapid Deconstruct  Erth           #.........   99%         5    ######.


Dungeon Overview and Level Annotations

Branches:
Dungeon (12/15)            Temple (1/1) D:4             Orc (0/2) D:12
   Lair: D:8-11

Altars:
Ashenzari
Cheibriados
Dithmenos
Elyvilon
Fedhas
Gozag
Hepliaklqana
Kikubaaqudgha
Makhleb
Nemelex Xobeh
Okawaru
Qazlal
Ru
Sif Muna
Trog
Uskayaw
Vehumet
Wu Jian
Xom
Yredelemnul
Zin
The Shining One

Shops:
D:8 *   D:9 (

Annotations:
D:5 exclusion: upstairs
D:10 exclusion: downstairs


Innate Abilities, Weirdness & Mutations

You are too large for most types of armour.
You have tough skin. (AC +1)


Message History

* * * LOW HITPOINT WARNING * * *
Unknown command.
You are healed.
You feel somewhat more hungry. The killer bee stings you.
* * * LOW HITPOINT WARNING * * *
The killer bee barely misses you. The killer bee misses you.
The killer bee stings you.
* * * LOW HITPOINT WARNING * * *
The killer bee stings you but does no damage.
The gargoyle hits you with a +0 flail of protection!
Elyvilon protects you from harm! The killer bee stings you!
* * * LOW HITPOINT WARNING * * *
You are lethally poisoned!
The killer bee poisons you! The killer bee stings you.
Elyvilon protects you from harm! The killer bee closely misses you.
You feel better. The killer bee barely misses you. The killer bee stings you.
* * * LOW HITPOINT WARNING * * *
The killer bee closely misses you. The killer bee stings you.
You die...

#................###
#.......)........... .
#................... ..
##...................
...#.....##.............
###
.........###............
.%. ........##
#.>.......... ...
###...y9#####...........
###
#...yy@y..............
#.....yy####...........
#........# #...........
###....#.# ##.........#
##)..#.. ###########
######.. ## #.. .### #..
...####


You could see a gargoyle and 6 killer bees.

Vanquished Creatures
  Fannar (D:10)
  An unseen horror (D:10)
  Maurice (D:9)
  A wyvern (D:10)
  9 yaks
  A steam dragon (D:10)
  A human (D:8)
  3 hungry ghosts
  2 vampire mosquitoes (D:12)
  2 water moccasins
  2 acid dragons
  An acid dragon (shapeshifter) (D:4)
  2 orc warriors (D:9)
  A black bear (D:9)
  5 ogres
  A phantom (D:10)
  7 centaurs
  A crocodile (D:10)
  A big kobold (D:9)
  9 bullfrogs
  A wyvern zombie (D:10)
  A wyvern skeleton (D:9)
  A scorpion (D:7)
  7 killer bees
  3 wights (D:9)
  2 bullfrog zombies
  A crimson imp (D:10)
  2 jellies
  14 orc wizards
  6 orc priests
  6 hounds
  A bullfrog skeleton (D:12)
  A quasit (D:9)
  5 iguanas
  Natasha (thrice) (D:2)
  10 worker ants
  Terence (D:1)
  A howler monkey skeleton (D:4)
  3 gnolls
  10 adders
  4 shadow imps
  An ooze (D:1)
  An adder skeleton (D:6)
  A worm (D:3)
  2 dart slugs (D:1)
  5 leopard geckos
  24 orcs
  10 bats
  4 giant cockroaches
  10 goblins
  10 hobgoblins
  7 jackals
  2 quokkas
  2 frilled lizards
  14 kobolds
  A leopard gecko skeleton (D:5)
  2 quokka skeletons
  7 rats
238 creatures vanquished.

Vanquished Creatures (collateral kills)
  Eustachio (D:4)
1 creature vanquished.

Vanquished Creatures (others)
  A yak (D:9)
  4 slaves (D:4)
  A jelly (D:7)
6 creatures vanquished.

Grand Total: 245 creatures vanquished

Notes
Turn   | Place    | Note
-------+----------+-------------------------------------------
     0 | D:1      | Velka139 the Ogre Skald began the quest for the Orb.
     0 | D:1      | Reached XP level 1. HP: 22/22 MP: 3/3
   260 | D:1      | Reached XP level 2. HP: 31/31 MP: 1/5
   726 | D:1      | Reached XP level 3. HP: 28/37 MP: 0/6
  1407 | D:2      | Noticed Terence
  1473 | D:1      | Killed Terence
  1473 | D:1      | Reached XP level 4. HP: 42/48 MP: 4/7
  1575 | D:2      | Found a white marble altar of Elyvilon.
  1599 | D:2      | Became a worshipper of Elyvilon the Healer
  1748 | D:2      | Noticed Natasha
  1760 | D:2      | Killed Natasha
  2074 | D:2      | Noticed Natasha
  2082 | D:2      | Killed Natasha
  2082 | D:2      | Reached XP level 5. HP: 46/55 MP: 3/8
  2132 | D:2      | Noticed Natasha
  2144 | D:2      | Killed Natasha
  2433 | D:3      | Reached * piety under Elyvilon
  2536 | D:3      | Found a bloodstained altar of Trog.
  2559 | D:3      | Found a sacrificial altar of Ru.
  2849 | D:3      | You fall through a shaft for 3 floors!
  2940 | D:5      | Entered Level 5 of the Dungeon
  3066 | D:5      | Reached skill level 5 in Fighting
  3066 | D:5      | Reached skill level 5 in Polearms
  3547 | D:4      | Reached XP level 6. HP: 52/66 MP: 5/9
  3713 | D:4      | Reached ** piety under Elyvilon
  4318 | D:5      | Noticed a water moccasin
  4334 | D:5      | Killed a water moccasin
  4654 | D:5      | Noticed a sky beast
  4780 | D:4      | Found a staircase to the Ecumenical Temple.
  4789 | D:4      | Noticed a slave
  4790 | D:4      | Noticed Pikel
  4791 | Temple   | Entered the Ecumenical Temple
  5078 | D:4      | Noticed a slave
  5100 | D:4      | Noticed a slave
  5103 | D:4      | Noticed Pikel
  5103 | D:4      | Pikel changed into Pikel the shapeshifter
  5104 | D:4      | Noticed Pikel
  5104 | D:4      | Pikel the shapeshifter changed into Pikel the hog
  5108 | D:4      | Noticed Pikel
  5108 | D:4      | Pikel the hog changed into Pikel the ice beast
  5139 | D:4      | Killed a freed slave
  5150 | D:4      | Killed a freed slave
  5154 | D:4      | Killed a freed slave
  5468 | D:5      | Reached XP level 7. HP: 20/74 MP: 3/10
  5798 | D:4      | Noticed Pikel
  5808 | D:4      | Noticed Pikel
  5808 | D:4      | Pikel the golden eye changed into Pikel the acid dragon
  5813 | D:4      | Killed Pikel the acid dragon
  5813 | D:4      | Reached skill level 1 in Invocations
  5977 | D:4      | Noticed Eustachio
  6831 | D:4      | Found a bloodstained altar of Trog.
  6923 | D:4      | Found a glowing silver altar of Zin.
  7070 | D:4      | Killed Eustachio
  8252 | D:6      | Reached XP level 8. HP: 65/84 MP: 5/11
  8305 | D:6      | Found a shadowy altar of Dithmenos.
  8843 | D:7      | Found a burning altar of Makhleb.
  9183 | D:7      | Noticed a troll
  9239 | D:7      | Found a flagged portal.
  9246 | D:7      | Reached *** piety under Elyvilon
  9250 | Bailey   | Entered a bailey
  9571 | D:8      | Found Gozag's Platinum Reserve.
 11486 | D:8      | Reached XP level 9. HP: 96/96 MP: 12/12
 11582 | D:8      | Found an opulent altar of Gozag.
 11819 | D:8      | Reached skill level 5 in Invocations
 12148 | D:8      | Found a blossoming altar of Fedhas.
 12985 | D:9      | Found Ziwuuwn's Antique Weapon Shoppe.
 12989 | D:9      | Bought a runed spear for 168 gold pieces
 12990 | D:9      | Bought a glowing spear for 168 gold pieces
 13672 | D:9      | Reached skill level 10 in Polearms
 13734 | D:9      | Reached **** piety under Elyvilon
 13960 | D:9      | Reached XP level 10. HP: 62/109 MP: 7/14
 14526 | D:9      | Reached skill level 10 in Fighting
 14589 | D:9      | Found a stormy altar of Qazlal.
 14595 | D:9      | Found a radiant altar of Vehumet.
 14661 | D:9      | Found a snail-covered altar of Cheibriados.
 14686 | D:9      | Noticed Maurice
 14964 | D:9      | Found a glowing golden altar of the Shining One.
 15074 | D:10     | Entered Level 10 of the Dungeon
 15787 | D:10     | Noticed Fannar
 16424 | D:10     | Killed an unseen horror
 16801 | D:10     | Noticed a two-headed ogre
 16966 | D:10     | Killed Fannar
 17661 | D:11     | Reached XP level 11. HP: 50/120 MP: 12/17
 18296 | D:11     | Noticed a two-headed ogre
 18586 | D:9      | Killed Maurice
 19598 | D:11     | Noticed a cyclops
 20152 | D:12     | Learned a level 2 spell: Song of Slaying
 20156 | D:12     | Learned a level 3 spell: Spectral Weapon
 20668 | D:12     | Found a staircase to the Orcish Mines.
 20802 | D:12     | Reached skill level 1 in Hexes
 20803 | D:12     | Noticed a two-headed ogre
 20863 | D:12     | Noticed a red ugly thing
 21153 | D:12     | HP: 3/123 [killer bee (4)]
 21154 | D:12     | Elyvilon protects you from harm!
 21156 | D:12     | Elyvilon protects you from harm!
 21158 | D:12     | HP: 5/123 [killer bee (9)]
 21159 | D:12     | Elyvilon protects you from harm!
 21159 | D:12     | HP: 2/123 [killer bee (8)]
 21159 | D:12     | Elyvilon protects you from harm!
 21160 | D:12     | Slain by a killer bee

Skill      XL: |  1  2  3  4  5  6  7  8  9 10 11 |
---------------+----------------------------------+-----
Fighting       | 3 4 5 6 8 9 11 12 | 12.0
Polearms       | 3 4 5 6 7 8 10 11 12 | 12.0
Invocations    | 2 4 6 8 9 |  9.1
Hexes          | 1 |  1.0
Charms         | 3 |  3.0
Dodging        | |  2.1
Spellcasting   | |  2.4

Action                   |  1- 3 |  4- 6 |  7- 9 | 10-12 || total
-------------------------+-------+-------+-------+-------++-------
Melee: Spear             |   130 |   209 |   213 |   515 ||  1067
       Trident           |       |       |   263 |       ||   263
Throw: Javelin           |       |     4 |     3 |       ||     7
       Stone             |       |     1 |       |       ||     1
 Cast: Infusion          |    10 |    16 |    40 |    25 ||    91
Invok: Lesser Healing    |       |       |       |     5 ||     5
       Heal Other        |       |       |       |     4 ||     4
       Greater Healing   |       |       |       |     5 ||     5
       Divine Protection |       |       |       |     1 ||     1
Evoke: Wand              |       |    17 |    23 |    17 ||    57
  Use: Potion            |       |     2 |     2 |     4 ||     8
       Scroll            |       |       |     7 |     6 ||    13
 Stab: Sleeping          |     2 |     1 |       |       ||     3
  Eat: Chunk             |     2 |     6 |    13 |    13 ||    34
       Ration            |       |     2 |     4 |     5 ||    11
Armor: Robe              |    26 |    43 |   102 |    84 ||   255
       Skin              |       |     1 |     6 |       ||     7
Dodge: Dodged            |    54 |    62 |   239 |   230 ||   585
